 Dungeon Crawl Stone Soup version 0.22.1-2-g9c5b331383 (webtiles) character file.

445 Peloso the Slasher (level 6, -4/56 HPs)
             Began as a Minotaur Fighter on Dec 24, 2018.
             Killed from afar by Dowan (18 damage)
             ... with a shard of ice
             ... on level 4 of the Dungeon.
             The game lasted 00:07:42 (2844 turns).

Peloso the Slasher (Minotaur Fighter)               Turns: 2844, Time: 00:07:43

Health: -4/56      AC: 13    Str: 26    XL:     6   Next: 72%
Magic:  5/5        EV:  5    Int:  2    God:
Gold:   137        SH: 10    Dex: 11    Spells: 5/5 levels left

rFire    x . .     SeeInvis .   a - +0 long sword
rCold    + . .     Gourm    .   c - +0 shield
rNeg     . . .     Faith    .   m - +0 plate armour
rPois    .         Spirit   .   (helmet restricted)
rElec    .         Reflect  .   q - +0 cloak
rCorr    .         Harm     .   (no gloves)
MR       .....                  (no boots)
Stlth    ..........             (no amulet)
HPRegen  0.18/turn              l - -3 ring of intelligence (curse)
MPRegen  0.09/turn              k - ring of ice

@: mighty
A: retaliatory headbutt, horns 2
a: no special abilities


You were on level 4 of the Dungeon.
You were not hungry.

You visited 1 branch of the dungeon, and saw 4 of its levels.

You collected 137 gold pieces.

Inventory:

Hand Weapons
 a - a +0 long sword (weapon)
 r - a +0 scythe of flaming
Armour
 b - a +0 scale mail
 c - a +0 shield (worn)
 m - a +0 plate armour (worn)
 q - a +0 cloak (worn)
Jewellery
 k - a ring of ice (right hand)
 l - a cursed -3 ring of intelligence (left hand)
 v - a +5 ring of intelligence
Scrolls
 e - 7 scrolls of remove curse {unknown}
 g - 2 scrolls of identify {unknown}
 o - a scroll of blinking {unknown}
 s - 3 scrolls of enchant armour {unknown}
 t - a scroll of enchant weapon {unknown}
 u - a scroll of immolation {unknown}
 w - a scroll of amnesia {unknown}
Potions
 h - a potion of lignification {unknown}
 i - 2 potions of curing
 j - a potion of flight {unknown}
 n - a potion of mutation {unknown}
 p - a potion of brilliance {unknown}
Comestibles
 f - 7 rations


   Skills:
 + Level 5.0 Fighting
 + Level 5.7 Long Blades
 + Level 5.1 Armour
 + Level 0.8 Dodging
 + Level 5.4 Shields


You had 5 spell levels left.
You didn't know any spells.
Your spell library was empty.

Dungeon Overview and Level Annotations

Branches:
Dungeon (4/15)
 Temple: D:4-7

Altars:
Wu Jian
The Shining One

Annotations:
D:4 Dowan


Innate Abilities, Weirdness & Mutations

You reflexively headbutt those who attack you in melee.
You have a pair of horns on your head.


Message History

Unknown command.
Your shield and plate armour prevent you from hitting Duvessa.
Your headbutt misses Duvessa.
Duvessa is severely wounded.
You feel sick. Duvessa hits you with a rapier!
* * * LOW HITPOINT WARNING * * *
Dowan barely misses you.
You riposte.
You miss Dowan.
Unknown command.
It was a potion of curing.
You feel better. You block Duvessa's attack.
Dowan casts a spell.
Dowan blinks!
You slice Duvessa!!
You kill Duvessa!
Dowan seems overcome with grief, but rights himself reflexively soon after.
Dowan seems to find hidden reserves of power!
Your Fighting skill increases to level 5!
You block Dowan's attack. Dowan casts a spell at you.
The shard of ice hits you! You partially resist.
You die...

##################
#........s........
###...#..@#...#...#
#.......e.ยง...$....
#.#...#...#...#...#
#..................
#.#################
#.####.# #.# #.#
#......# #.# #.#
##.###.###.# #<# #.#
##...#####.#


You could see Dowan and a scorpion.

Vanquished Creatures
  Sigmund (D:3)
  Duvessa (D:4)
  Crazy Yiuf (D:2)
  Jessica (D:2)
  Terence (D:3)
  Robin (D:3)
  An adder (D:3)
  6 worms (D:2)
  2 dart slugs (D:2)
  An orc (D:3)
  8 bats
  3 giant cockroaches
  6 hobgoblins
  4 kobolds
  3 quokkas
  2 frilled lizards
  14 goblins
  10 rats
66 creatures vanquished.

Notes
Turn   | Place    | Note
-------+----------+-------------------------------------------
     0 | D:1      | Peloso the Minotaur Fighter began the quest for the Orb.
     0 | D:1      | Reached XP level 1. HP: 19/19 MP: 0/0
   284 | D:1      | Reached XP level 2. HP: 27/27 MP: 1/1
  1116 | D:2      | Reached XP level 3. HP: 27/33 MP: 2/2
  1127 | D:2      | Noticed Jessica
  1132 | D:2      | Killed Jessica
  1216 | D:2      | Reached XP level 4. HP: 40/40 MP: 3/3
  1521 | D:2      | Found an ornate altar of the Wu Jian Council.
  1658 | D:2      | Found a runed door.
  1830 | D:2      | Noticed Crazy Yiuf
  1834 | D:2      | Killed Crazy Yiuf
  2023 | D:3      | Found a glowing golden altar of the Shining One.
  2141 | D:3      | Noticed Sigmund
  2164 | D:3      | Killed Sigmund
  2164 | D:3      | Reached skill level 5 in Long Blades
  2164 | D:3      | Reached skill level 5 in Shields
  2164 | D:3      | Reached XP level 5. HP: 32/47 MP: 4/4
  2164 | D:3      | Reached XP level 6. HP: 36/53 MP: 5/5
  2377 | D:3      | Noticed Terence
  2383 | D:3      | Killed Terence
  2542 | D:3      | Noticed Robin
  2568 | D:3      | Killed Robin
  2717 | D:3      | Reached skill level 5 in Armour
  2818 | D:4      | Noticed Duvessa
  2820 | D:4      | Noticed Dowan
  2842 | D:4      | HP: 2/53 [Duvessa/rapier (10)]
  2844 | D:4      | Killed Duvessa
  2844 | D:4      | Reached skill level 5 in Fighting
  2844 | D:4      | Killed from afar by Dowan

Skill      XL: |  1  2  3  4  5  6 |
---------------+-------------------+-----
Shields        | 4 5 |  5.4
Fighting       | 4 5 |  5.0
Long Blades    | 3 5 |  5.7
Armour         | 4 5 |  5.1
Dodging        | |  0.8

Action                   |  1- 3 |  4- 6 || total
-------------------------+-------+-------++-------
Melee: Long sword        |    65 |   124 ||   189
       Headbutt          |     9 |    22 ||    31
  Use: Potion            |       |     2 ||     2
  Eat: Chunk             |       |     6 ||     6
Armor: Scale mail        |    29 |       ||    29
       Plate armour      |       |    64 ||    64
Dodge: Dodged            |    27 |    16 ||    43
Block: Shield            |    40 |    56 ||    96
       Rpst.: Long sword |    10 |     6 ||    16
